 Dungeon Crawl Stone Soup version 0.24.0-37-gcf1ca852f1 (webtiles) character file.

Game seed: 3745235872198955546, levelgen mode: deterministic

340 Delamore the Cleaver (level 6, -2/51 HPs)
             Began as a Hill Orc Fighter on Nov 23, 2019.
             Blown up by Ijyb (9 damage)
             ... with a disintegration bolt
             ... on level 3 of the Dungeon.
             The game lasted 00:05:23 (3459 turns).

Delamore the Cleaver (Hill Orc Fighter)             Turns: 3459, Time: 00:05:23

Health: -2/51      AC:  9    Str: 21    XL:     6   Next: 56%
Magic:  6/6        EV:  7    Int:  8    God:
Gold:   84         SH:  9    Dex: 10    Spells: 5/5 levels left

rFire    . . .     SeeInvis .   a - +0 war axe
rCold    . . .     Gourm    .   c - +0 shield
rNeg     . . .     Faith    .   b - +0 scale mail
rPois    .         Spirit   .   u - +1 helmet
rElec    .         Reflect  .   (no cloak)
rCorr    .         Harm     .   (no gloves)
MR       .....                  (no boots)
Stlth    ..........             (no amulet)
HPRegen  0.17/turn              e - ring of attention (curse)
MPRegen  0.10/turn              (no ring)

@: no status effects
A: no striking features
a: no special abilities


You were on level 3 of the Dungeon.
You were hungry.

You visited 1 branch of the dungeon, and saw 3 of its levels.

You collected 84 gold pieces.

Inventory:

Hand Weapons
 a - a +0 war axe (weapon)
 v - a +1 spear of distortion
Armour
 b - a +0 scale mail (worn)
 c - a +0 shield (worn)
 u - a +1 helmet (worn)
Jewellery
 e - a cursed ring of attention (left hand)
Wands
 w - a wand of enslavement (11)
Scrolls
 h - 2 scrolls of immolation {unknown}
 i - a scroll of remove curse {unknown}
 j - a scroll of blinking {unknown}
 k - a scroll of fog {unknown}
 l - 2 scrolls of amnesia {unknown}
 m - a scroll of noise {unknown}
 n - a scroll of teleportation {unknown}
 q - a scroll of identify {unknown}
 r - a scroll of enchant weapon {unknown}
 s - a scroll of fear {unknown}
 t - a scroll of enchant armour {unknown}
Potions
 d - a potion of might
 g - 3 potions of magic {unknown}
 p - a potion of agility {unknown}
 x - a potion of haste {unknown}
Comestibles
 f - 4 rations


   Skills:
 - Level 3.6 Fighting
 + Level 8.9 Axes
 - Level 3.2 Armour
 - Level 3.2 Shields


You had 5 spell levels left.
You didn't know any spells.
Your spell library was empty.

Dungeon Overview and Level Annotations

Branches:
Dungeon (3/15)

Altars:
Dithmenos

Annotations:
D:3 Ijyb


Message History

You hit Ijyb but do no damage.
Ijyb is almost dead.
You block Ijyb's attack.
You closely miss Ijyb.
Ijyb is almost dead.
Ijyb hits you but does no damage.
You barely miss Ijyb.
Ijyb is almost dead.
Ijyb hits you but does no damage.
Your shield and scale mail prevent you from hitting Ijyb.
Ijyb is almost dead.
You block Ijyb's attack.
You barely miss Ijyb.
Ijyb is almost dead.
Ijyb hits you with a +0 club.
* * * LOW HITPOINT WARNING * * *
You completely miss Ijyb.
Ijyb is almost dead.
Ijyb zaps a wand.
You are blasted!
You die...

# #........# # #........#
## #...).... . .#######
....... #.. .......#
.....# .... ..<....#
#.#..#.....
.......#########.#........
.....[...≈≈≈.......†.#
.......#######.#@#...#
..(#...## #.#..#.g...#
#..)....# #..........#
#.#.....###..###..(..#
#....#.......# #.....#
...###......####.....#
.#.......#.......#...#
...........####.)#...#
..#.##.#.#.###.......#


You could see Ijyb.

Vanquished Creatures
  An ice beast (D:3)
  An orc priest (D:3)
  Jessica (D:3)
  Robin (D:3)
  3 gnolls
  4 adders
  5 worms
  A dart slug (D:3)
  A leopard gecko (D:3)
  8 orcs
  A giant cockroach (D:3)
  22 goblins
  13 hobgoblins
  7 kobolds
  A quokka (D:2)
  6 bats
  5 frilled lizards
  A leopard gecko skeleton (D:3)
  6 rats
88 creatures vanquished.

Vanquished Creatures (others)
  A fungus (D:3)
  7 toadstools (D:3)
8 creatures vanquished.

Grand Total: 96 creatures vanquished

Notes
Turn   | Place    | Note
-------+----------+-------------------------------------------
     0 | D:1      | Delamore the Hill Orc Fighter began the quest for the Orb.
     0 | D:1      | Reached XP level 1. HP: 19/19 MP: 1/1
    97 | D:1      | Reached skill level 3 in Axes
   381 | D:1      | Reached XP level 2. HP: 19/26 MP: 2/2
   497 | D:1      | Reached skill level 4 in Axes
   761 | D:1      | Reached XP level 3. HP: 31/31 MP: 3/3
  1045 | D:2      | Reached skill level 5 in Axes
  1874 | D:3      | Noticed Jessica
  1881 | D:3      | Reached XP level 4. HP: 38/39 MP: 4/4
  1890 | D:3      | Killed Jessica
  1890 | D:3      | Reached skill level 6 in Axes
  2125 | D:3      | Noticed Robin
  2131 | D:3      | Reached XP level 5. HP: 36/45 MP: 5/5
  2144 | D:3      | Killed Robin
  2144 | D:3      | Reached skill level 7 in Axes
  2380 | D:3      | Noticed an ice beast
  2568 | D:3      | Killed an ice beast
  2568 | D:3      | Reached skill level 8 in Axes
  2568 | D:3      | Reached XP level 6. HP: 43/51 MP: 6/6
  3104 | D:2      | Found a shadowy altar of Dithmenos.
  3431 | D:3      | Noticed Ijyb
  3459 | D:3      | Blown up by Ijyb

Levels and vault maps discovered:
D:1:      minmay_arrival_widening_spiral_narrow, layout_basic
D:2:      layout_loops_ring, nicolae_overflow_hidden_temple, serial_forest,
          infiniplex_forest_end_1, infiniplex_forest_join,
          infiniplex_forest_straight_1, infiniplex_forest_straight_2,
          infiniplex_forest_clump_curved, infiniplex_forest_lined_2
D:3:      cheibrodos_fertilizer, layout_rooms, first_ration,
          corexii_corridor_pit, grunt_ministairs_4, uniq_crazy_yiuf_cottage,
          uniq_ijyb, uniq_robin, uniq_jessica

Skill      XL: |  1  2  3  4  5 |
---------------+----------------+-----
Axes           | 3 4 5 6 8 |  8.9
Fighting       | |  3.6
Armour         | |  3.2
Shields        | |  3.2

Action                   |  1- 3 |  4- 6 || total
-------------------------+-------+-------++-------
Melee: War axe           |   126 |   173 ||   299
  Eat: Chunk             |     3 |     5 ||     8
Armor: Scale mail        |    59 |    61 ||   120
Dodge: Dodged            |    34 |    49 ||    83
Block: Shield            |    59 |    83 ||   142
